 Dungeon Crawl Stone Soup version 0.27-a0-1579-g97d2440184 (webtiles) character file.

Game seed: 353777191082279256

175777 jimbutter the Warrior (level 17, -2/172 HPs)
             Began as a Minotaur Berserker on July 17, 2021.
             Was a High Priest of Trog.
             Killed from afar by a will-o-the-wisp (5 damage)
             ... with a foxfire
             ... on level 1 of the Swamp.
             The game lasted 01:29:47 (29947 turns).

jimbutter the Warrior (Minotaur Berserker)         Turns: 29947, Time: 01:29:48

Health: -2/172     AC: 26    Str: 27    XL:     17   Next: 22%
Magic:  16/16      EV: 12    Int:  4    God:    Trog [*****.]
Gold:   2498       SH: 16    Dex: 12    Spells: 16/16 levels left

rFire    . . .     SeeInvis +   C - +1 hand axe (flame)
rCold    + . .     Faith    .   v - +2 kite shield
rNeg     . . .     Spirit   .   s - +0 plate armour
rPois    +         Reflect  .   w - +1 hat {SInv}
rElec    .         Harm     .   l - +1 cloak {rPois}
rCorr    .         Rampage  .   f - +0 pair of gloves
Will     +++..                  k - +0 pair of boots
Stlth    ..........             D - amulet of regeneration
HPRegen  1.38/turn              E - +4 ring of protection
MPRegen  0.15/turn              X - ring "Duvepuf" {rC+ Will++}

@: on berserk cooldown, slowed, studying Axes, very slow
A: horns 2, retaliatory headbutt
}: 1/15 runes: gossamer
a: Renounce Religion, Berserk, Trog's Hand, Brothers in Arms


You were on level 1 of the Swamp.
You worshipped Trog.
Trog was extremely pleased with you.
You visited 5 branches of the dungeon, and saw 28 of its levels.

You collected 2648 gold pieces.
You spent 150 gold pieces at shops.

Inventory:

Hand Weapons
 a - a +4 war axe of venom
 b - a +5 antimagic broad axe
 C - a +1 hand axe of flaming (weapon)
Missiles
 c - 98 poisoned darts (quivered)
Armour
 f - a +0 pair of gloves (worn)
 k - a +0 pair of boots (worn)
 l - a +1 cloak of poison resistance (worn)
 s - a +0 plate armour (worn)
 v - a +2 kite shield (worn)
 w - a +1 hat of see invisible (worn)
Jewellery
 x - a ring of protection from fire
 D - an amulet of regeneration (around neck)
 E - a +4 ring of protection (left hand)
 J - an amulet of magic regeneration
 K - an amulet of the acrobat
 R - a +6 ring of strength
 X - the ring "Duvepuf" (right hand) {rC+ Will++}
   (You found it on level 15 of the Dungeon)

   [ring of protection from cold]

   rC:        It protects you from cold.
   Will:      It greatly increases your willpower.
Wands
 e - a wand of mindburst (19)
 p - a wand of paralysis (15)
 q - a wand of flame (49)
 t - a wand of acid (6)
 G - a wand of iceblast (25)
 I - a wand of digging (7)
 Q - a wand of charming (18)
Scrolls
 d - a scroll of blinking
 m - 12 scrolls of teleportation
 r - 10 scrolls of enchant armour
 u - 4 scrolls of magic mapping
 y - 2 scrolls of immolation
 A - 8 scrolls of fog
 M - 7 scrolls of identify
 N - 2 scrolls of enchant weapon
 O - 2 scrolls of fear
 W - a scroll of summoning
Potions
 g - 8 potions of brilliance
 h - 2 potions of cancellation
 i - 4 potions of lignification
 j - 6 potions of mutation
 n - 5 potions of ambrosia
 o - 8 potions of curing
 z - 6 potions of heal wounds
 B - 2 potions of resistance
 F - 3 potions of might
 H - 2 potions of haste
 L - 3 potions of invisibility
 P - 7 potions of flight
 S - 2 potions of berserk rage


   Skills:
 * Level 20.6 Fighting
 + Level 18.7 Axes
 + Level 12.6 Armour
 + Level 11.8 Dodging
 - Level 15.0 Shields
 + Level 6.8 Evocations


You had 16 spell levels left.
You didn't know any spells.
Your spell library was empty.

Dungeon Overview and Level Annotations

Branches:
Dungeon (15/15)            Temple (0/1) D:5            Lair (6/6) D:11
  Swamp (1/4) Lair:4       Spider (4/4) Lair:3        Slime (0/5) Lair:5
    Orc (2/2) D:12            Elf (0/3) Orc:2        Vaults (0/5) D:14
 Depths (0/5) D:15

Altars:
Dithmenos
Fedhas
Gozag
Kikubaaqudgha
Makhleb
Okawaru
Qazlal
Vehumet
Wu Jian
The Shining One
Beogh
Jiyva

Shops:
D:8 *   Orc:2 (*::[

Portals:
Trove: D:15 (give +3 shadow dragon scales)

Annotations:
Lair:3 exclusion: oklob plant
Swamp:1 Donald
Orc:1 1 runed translucent door, Gaoraaj's ghost, journeyman OpEE


Innate Abilities, Weirdness & Mutations

You have a pair of horns on your head.
You reflexively headbutt those who attack you in melee.


Message History

The spriggan rider barely misses you. You block the spriggan rider's attack.
You hit the spriggan rider. You burn the spriggan rider.
The spriggan rider is lightly wounded.
You completely miss the spriggan rider. You hit the spriggan rider.
You burn the spriggan rider. The spriggan rider closely misses you.
You furiously retaliate!
You headbutt the spriggan rider! You block the spriggan rider's attack.
The spriggan rider hits you but does no damage.
You fail to use your ability.
The spriggan rider hits you with a +0 spear!
* * * LOW HITPOINT WARNING * * *
The will-o-the-wisp gestures.
The will-o-the-wisp conjures some foxfire!
The spriggan rider hits you with a +0 spear.
* * * LOW HITPOINT WARNING * * *
The spriggan rider hits you but does no damage.
Donald says, "I hope these swamp worms drown."
You block the spriggan rider's attack.
The will-o-the-wisp gestures.
The will-o-the-wisp conjures some foxfire! 3 foxfires come into view.
The foxfire hits you.
* * * LOW HITPOINT WARNING * * *
The foxfire hits you.
* * * LOW HITPOINT WARNING * * *
The spriggan rider hits you from afar with a +0 spear!
* * * LOW HITPOINT WARNING * * *
You block the spriggan rider's attack.
The spriggan rider hits you from afar with a +0 spear!
* * * LOW HITPOINT WARNING * * *
The will-o-the-wisp gestures.
The will-o-the-wisp conjures some foxfire!
You block the spriggan rider's attack.
The spriggan rider hits you but does no damage. 2 foxfires come into view.
You see here a hydra corpse.
The foxfire hits you!!
* * * LOW HITPOINT WARNING * * *
The foxfire hits you.
You die...

♣♣≈.≈......♣ ....≈♣♣
♣♣♣...≈.....♣♣♣ .(....≈
♣.≈≈≈≈...§≈.≈♣♣ ≈..≈≈..
♣♣.≈§≈≈≈.≈≈≈≈...
...≈≈..♣♣♣♣..≈≈≈≈≈..≈≈≈≈≈≈
.≈≈≈≈≈≈≈[♣..≈≈≈.≈≈..≈≈≈≈†.
≈≈≈≈≈≈§≈≈≈≈≈≈≈≈...≈.≈≈≈≈..
≈≈≈≈§§i§≈≈≈§≈≈≈≈.♣♣♣.≈...≈
≈≈≈≈§vi.v@.≈≈≈≈≈.♣ ♣≈≈....
.[..§vi♣♣≈......♣♣ ♣♣♣♣♣♣≈
≈...@v♣ ♣♣♣♣≈≈.≈♣ ♣.
....≈. ♣♣♣♣♣♣ ♣≈ ..≈.. ♣.
...≈. ♣.≈≈. ♣≈.. .≈≈§≈
♣... .≈≈. ..


You could see Donald (strong), 3 spriggan riders and a will-o-the-wisp.

Vanquished Creatures
  Gastronok (D:8)
  3 ghost moths
  4 emperor scorpions
  An orc warlord (Orc:1)
  A stone giant (Orc:2)
  4 slime creatures
  2 spark wasps
  Snorg (Orc:2)
  3 ettins (Orc:2)
  An eleionoma (Lair:4)
  A great orb of eyes (D:15)
  A fire dragon (Lair:6)
  A rakshasa (D:15)
  5 hydras
  12 centaur warriors
  An ogre mage (D:15)
  10 boulder beetles
  9 two-headed ogres
  A death knight (D:11)
  A tengu warrior (D:13)
  A skeletal warrior (D:11)
  A glowing orange brain (shapeshifter) (D:15)
  A deep troll (shapeshifter) (D:11)
  3 goliath frogs (Swamp:1)
  2 bog bodies
  2 deep elf pyromancers
  A wizard (D:11)
  16 orb spiders
  An orc knight (D:14)
  24 wolf spiders
  8 ugly things
  An orc sorcerer (Orc:1)
  6 manticores
  10 cyclopes
  Joseph (D:8)
  2 moths of wrath (Spider:1)
  4 elephants (Lair:6)
  6 centaur zombies
  4 molten gargoyles
  11 black mambas
  4 torpor snails
  An unseen horror (D:11)
  10 cane toads
  2 gargoyles
  A freezing wraith (D:15)
  3 yaktaurs
  A rime drake (Lair:1)
  30 demonic crawlers
  A tengu conjurer (D:13)
  6 kobold demonologists
  13 komodo dragons
  An efreet (D:11)
  6 trolls
  A polar bear (Lair:2)
  3 meliai (Spider:4)
  24 jumping spiders
  A hornet (shapeshifter) (D:14)
  13 hornets
  2 tyrant leeches (Swamp:1)
  14 blink frogs
  14 dream sheep
  60 redbacks
  2 shadows
  6 wyverns
  3 wraiths
  47 yaks
  A vampire (D:11)
  Eustachio (D:5)
  27 tarantellas
  8 basilisks
  2 fire elementals (D:14)
  A steam dragon (Lair:6)
  6 vampire mosquitoes (D:11)
  A warg (Orc:1)
  Edmund (D:6)
  An acid dragon (D:12)
  A swamp worm (Swamp:1)
  11 water moccasins
  4 hell hounds (Lair:6)
  3 ice beasts
  7 orc warriors
  6 black bears
  A necrophage (D:5)
  11 ogres
  6 wolves (Lair:6)
  3 boggarts (D:14)
  28 centaurs
  2 kobold brigands
  12 bullfrogs
  3 gnoll sergeants
  3 scorpions
  2 water moccasin skeletons
  5 killer bees (D:10)
  2 electric eels
  3 howler monkeys (D:11)
  7 wights (D:9)
  10 lava snakes
  A crimson imp (D:12)
  3 hounds
  A jelly (D:5)
  3 orc priests
  3 gnoll shamans
  2 centaur skeletons
  3 iguanas
  Jessica (D:3)
  Ijyb (D:4)
  A scorpion zombie (D:5)
  12 orc wizards
  A killer bee zombie (D:5)
  A hound skeleton (D:4)
  2 howler monkey zombies
  Robin (D:3)
  25 gnolls
  4 adders
  2 white imps
  An ufetubus (D:5)
  4 worms
  A dart slug (D:2)
  47 orcs
  6 ball pythons
  9 bats
  14 endoplasms
  5 giant cockroaches
  16 goblins
  9 hobgoblins
  16 jackals
  2 quokkas
  2 frilled lizards
  21 kobolds
  7 rats
  A spectral hobgoblin (D:1)
844 creatures vanquished.

Vanquished Creatures (collateral kills)
  Arachne (Spider:2)
  2 emperor scorpions (Spider:4)
  Nessos (Lair:6)
  A catoblepas (Lair:6)
  A lindwurm (Lair:6)
  An ugly thing (D:15)
  3 orb spiders
  A wolf spider (Spider:4)
  A moth of wrath (Spider:4)
  A molten gargoyle (Lair:6)
  A komodo dragon (Lair:6)
  A jumping spider (Spider:1)
  A demonic crawler (Spider:1)
  A dream sheep (Lair:6)
  An orc warrior (Orc:1)
  An orc priest (Orc:1)
  3 orcs (Orc:1)
22 creatures vanquished.

Vanquished Creatures (others)
  Erolcha (Orc:2)
  An ogre mage (D:14)
  A cyclops (D:11)
  A centaur zombie (D:11)
  A bloated husk (Swamp:1)
  A jumping spider (Spider:4)
  A redback (Spider:2)
  A steam dragon (Lair:6)
  A fire vortex (D:14)
  15 foxfires (Swamp:1)
  51 fungi
  80 plants
155 creatures vanquished.

Grand Total: 1021 creatures vanquished

Notes
Turn   | Place    | Note
-------+----------+-------------------------------------------
     0 | D:1      | jimbutter the Minotaur Berserker began the quest for the
                  | Orb.
     0 | D:1      | Reached XP level 1. HP: 19/19 MP: 0/0
   129 | D:1      | Found a faded altar of an unknown god.
   372 | D:1      | Reached XP level 2. HP: 18/27 MP: 1/1
   565 | D:1      | Reached skill level 4 in Fighting
   580 | D:1      | You fall into a shaft and drop 1 floor!
   665 | D:2      | Found a shadowy altar of Dithmenos.
  1061 | D:2      | Reached XP level 3. HP: 31/33 MP: 2/2
  1064 | D:2      | Reached ** piety under Trog
  1307 | D:1      | Reached skill level 5 in Axes
  2225 | D:2      | Reached XP level 4. HP: 41/41 MP: 3/3
  3212 | D:3      | Noticed Robin
  3226 | D:3      | Killed Robin
  3247 | D:3      | Reached *** piety under Trog
  3381 | D:3      | Reached XP level 5. HP: 42/47 MP: 4/4
  3526 | D:3      | Found a blossoming altar of Fedhas.
  3565 | D:3      | Noticed Jessica
  3571 | D:3      | Killed Jessica
  3572 | D:3      | Reached skill level 5 in Fighting
  3960 | D:4      | Noticed Ijyb
  3963 | D:4      | Reached XP level 6. HP: 29/56 MP: 5/5
  3977 | D:4      | Killed Ijyb
  4666 | D:4      | Reached skill level 6 in Fighting
  4902 | D:4      | Reached XP level 7. HP: 52/63 MP: 6/6
  5075 | D:5      | Entered Level 5 of the Dungeon
  5231 | D:5      | Noticed Eustachio
  5250 | D:5      | Killed Eustachio
  5251 | D:5      | Reached skill level 7 in Fighting
  5400 | D:5      | Noticed a komodo dragon
  5420 | D:5      | Killed a komodo dragon
  5421 | D:5      | Reached skill level 10 in Axes
  5421 | D:5      | Reached XP level 8. HP: 23/73 MP: 7/7
  5845 | D:5      | Found a staircase to the Ecumenical Temple.
  5868 | D:5      | Reached skill level 8 in Fighting
  5992 | D:5      | Found a stormy altar of Qazlal.
  5994 | D:5      | Noticed an air elemental
  6218 | D:6      | Reached **** piety under Trog
  6324 | D:6      | Noticed Edmund
  6334 | D:6      | Killed Edmund
  6527 | D:6      | Noticed a kobold demonologist
  6527 | D:6      | Noticed a kobold demonologist
  6528 | D:6      | Noticed a soul eater
  6532 | D:6      | Reached XP level 9. HP: 82/82 MP: 8/8
  6547 | D:6      | Noticed an ice devil
  6551 | D:6      | Killed a kobold demonologist
  6552 | D:6      | Reached skill level 9 in Fighting
  6552 | D:6      | Killed a kobold demonologist
  6556 | D:6      | Reached skill level 10 in Fighting
  7432 | D:7      | Noticed a kobold demonologist
  7435 | D:7      | Noticed a red devil
  7437 | D:7      | Killed a kobold demonologist
  7438 | D:7      | Reached XP level 10. HP: 94/94 MP: 9/9
  7619 | D:8      | Found Xohyipij's Assorted Antiques.
  7625 | D:8      | Bought a scratched granite ring for 150 gold pieces
  7728 | D:8      | Found an iron altar of Okawaru.
  7844 | D:8      | Noticed Joseph
  7863 | D:8      | Killed Joseph
  8133 | D:8      | Noticed Gastronok
  8148 | D:8      | Killed Gastronok
  8149 | D:8      | Reached skill level 11 in Fighting
  8149 | D:8      | Reached skill level 15 in Axes
  8481 | D:8      | Found an opulent altar of Gozag.
  8481 | D:8      | Found a faded altar of an unknown god.
  8522 | D:8      | Found an ancient bone altar of Kikubaaqudgha.
  8524 | D:8      | Found a radiant altar of Vehumet.
  8526 | D:8      | Found a faded altar of an unknown god.
  8707 | D:9      | Noticed a centaur warrior
  8715 | D:9      | Killed a centaur warrior
  9199 | D:9      | Reached skill level 12 in Fighting
  9603 | D:10     | Entered Level 10 of the Dungeon
  9603 | D:10     | Noticed a two-headed ogre
  9792 | D:9      | Reached XP level 11. HP: 100/102 MP: 10/10
 10196 | D:9      | Found a shadowy altar of Dithmenos.
 10196 | D:9      | Found an ornate altar of the Wu Jian Council.
 10292 | D:10     | Reached skill level 1 in Shields
 10400 | D:10     | Found a burning altar of Makhleb.
 10688 | D:10     | Found a glowing golden altar of the Shining One.
 10736 | D:10     | Killed a two-headed ogre
 10836 | D:10     | Reached ***** piety under Trog
 11245 | D:11     | Found a staircase to the Lair.
 11267 | D:11     | Reached skill level 5 in Shields
 11272 | D:11     | Reached skill level 13 in Fighting
 11494 | D:11     | Noticed a death knight
 11510 | D:11     | Killed a death knight
 11753 | D:11     | Noticed a boulder beetle
 11858 | D:11     | Noticed a two-headed ogre
 11863 | D:11     | Killed a two-headed ogre
 12223 | D:11     | Killed a boulder beetle
 12224 | D:11     | Reached skill level 14 in Fighting
 12493 | D:11     | Noticed a boulder beetle
 12502 | D:11     | Noticed a centaur warrior
 12503 | D:11     | Reached XP level 12. HP: 117/117 MP: 11/11
 12504 | D:11     | Noticed a centaur warrior
 12522 | D:11     | Killed a centaur warrior
 12522 | D:11     | Received a gift from Trog
 12538 | D:11     | Killed a boulder beetle
 12546 | D:11     | Killed a centaur warrior
 12563 | D:11     | Noticed a boulder beetle
 12658 | D:11     | Noticed a boulder beetle
 12666 | D:11     | Killed a boulder beetle
 12667 | D:11     | Reached skill level 15 in Fighting
 12667 | D:11     | Reached skill level 10 in Shields
 12833 | D:11     | Killed a boulder beetle
 12935 | D:11     | Noticed a centaur warrior
 12957 | D:11     | Killed a centaur warrior
 13887 | D:12     | Reached skill level 16 in Fighting
 13976 | D:12     | Found a staircase to the Orcish Mines.
 14339 | D:12     | Noticed a two-headed ogre
 14347 | D:12     | Killed a two-headed ogre
 14348 | D:12     | Reached XP level 13. HP: 114/128 MP: 12/12
 14497 | Lair:1   | Entered Level 1 of the Lair of Beasts
 14854 | Lair:1   | Found a stormy altar of Qazlal.
 16787 | Lair:3   | Found a hole to the Spider Nest.
 16930 | Lair:3   | Reached skill level 5 in Armour
 17665 | Lair:4   | Reached skill level 5 in Dodging
 17816 | Lair:4   | Found a staircase to the Swamp.
 18169 | Lair:5   | Found the +15 Maxwell's patent armour {-Cast -Tele rElec
                  | Will+ rCorr}
 18508 | Lair:5   | Found a viscous altar of Jiyva.
 18509 | Lair:5   | Found a staircase to the Slime Pits.
 18777 | Lair:5   | Identified the +1 buckler "Leucheje" {Harm Slay+3}
 18998 | Orc:1    | Entered Level 1 of the Orcish Mines
 19105 | Orc:1    | Noticed an orc warlord
 19123 | Orc:1    | Killed an orc warlord
 19243 | Orc:1    | Found a runed translucent door.
 19280 | Orc:1    | Noticed Gaoraaj's ghost (journeyman OpEE)
 19528 | Orc:2    | Entered Level 2 of the Orcish Mines
 19539 | Orc:2    | Found Sexkec's Antique Armour Shop.
 19539 | Orc:2    | Noticed an ettin
 19562 | Orc:2    | Killed an ettin
 19698 | Orc:2    | Noticed Snorg
 19716 | Orc:2    | Killed Snorg
 19717 | Orc:2    | Reached XP level 14. HP: 104/138 MP: 13/13
 19726 | Orc:2    | Found a staircase to the Elven Halls.
 19752 | Orc:2    | Noticed Erolcha
 19758 | Orc:2    | Found Geonengo's Antique Weapon Shoppe.
 19777 | Orc:2    | Killed Erolcha
 19869 | Orc:2    | Found Keskam's General Store.
 20018 | Orc:2    | Found Osoyp's Book Emporium.
 20045 | Orc:2    | Noticed a stone giant
 20048 | Orc:2    | Found Dioll's Book Shoppe.
 20057 | Orc:2    | Killed a stone giant
 20479 | D:13     | Reached skill level 17 in Fighting
 20838 | D:13     | Reached skill level 15 in Shields
 21556 | D:14     | Received a gift from Trog
 21880 | D:14     | Paralysed by an ogre mage for 6 turns
 22152 | D:14     | Found a gate to the Vaults.
 22376 | D:15     | Entered Level 15 of the Dungeon
 22564 | D:15     | Reached skill level 1 in Evocations
 22592 | D:15     | Found a staircase to the Depths.
 22601 | D:15     | Reached XP level 15. HP: 149/149 MP: 14/14
 22615 | D:15     | Reached skill level 18 in Fighting
 22696 | D:15     | Identified the ring "Duvepuf" {rC+ Will++}
 22802 | D:15     | Reached skill level 10 in Armour
 22870 | D:15     | Found a portal to a secret trove of treasure.
 23301 | D:15     | Identified a scroll of acquirement
 23301 | D:15     | Acquired a manual of Axes
 23607 | Lair:6   | Entered Level 6 of the Lair of Beasts
 23753 | Lair:6   | Noticed Nessos
 23825 | Lair:6   | HP: 7/150 [Nessos/arrow (2)]
 23827 | Lair:6   | HP: 2/150 [poisoned by Nessos]
 23834 | Lair:6   | HP: 7/150 [Nessos/arrow (23)]
 23949 | Lair:6   | Killed Nessos
 23978 | Lair:6   | Found a large runed translucent door.
 24017 | Lair:6   | Found a large runed translucent door.
 24516 | Lair:6   | Reached skill level 10 in Dodging
 25055 | Spider:1 | Entered Level 1 of the Spider Nest
 25181 | Spider:1 | Noticed a ghost moth
 25196 | Spider:1 | Killed a ghost moth
 25334 | Spider:1 | Reached skill level 19 in Fighting
 25607 | Spider:1 | Received a gift from Trog
 26107 | Spider:1 | Reached XP level 16. HP: 152/160 MP: 15/15
 26570 | Spider:2 | Reached skill level 5 in Evocations
 27060 | Spider:2 | Noticed Arachne
 27074 | Spider:2 | Killed Arachne
 27074 | Spider:2 | Received a gift from Trog
 28002 | Spider:3 | Reached skill level 20 in Fighting
 28390 | Spider:4 | Entered Level 4 of the Spider Nest
 28598 | Spider:4 | Received a gift from Trog
 28924 | Spider:4 | Reached XP level 17. HP: 163/171 MP: 16/16
 29351 | Spider:4 | Got a gossamer rune of Zot
 29689 | Swamp:1  | Entered Level 1 of the Swamp
 29704 | Lair:4   | Received a gift from Trog
 29937 | Swamp:1  | Noticed Donald
 29947 | Swamp:1  | HP: 3/172 [will-o-the-wisp/foxfire (22)]
 29947 | Swamp:1  | Killed from afar by a will-o-the-wisp

Illustrated notes

Levels and vault maps discovered:
D:1:      matt_arrival_refuge, layout_basic,
          dreamdust_ecumenical_altar_drowned_temple, hex_tiny
D:2:      layout_basic, basic_altar, grunt_decor_one_mirror
D:3:      layout_basic, mainiacjoe_overflow_chevrons, guppyfry_early_lair_pool,
          uniq_robin, uniq_jessica
D:4:      layout_basic, corexii_shack, uniq_ijyb
D:5:      layout_cave_pools, nicolae_qazlal_style_of_elements,
          minmay_temple_entry_purple_smoke, serial_bayou, serial_bayou_pond_d,
          serial_bayou_ford_a, serial_bayou_pond_a, serial_bayou_crossing,
          serial_bayou_lagoon_a, uniq_eustachio
D:6:      layout_cave_pools, uniq_edmund
D:7:      layout_basic
D:8:      layout_gridville, chequers_temple_overflow_minitemple,
          okawaru_gym_becter, serial_shops, shop, uniq_gastronok, uniq_joseph
D:9:      layout_stronghold, gammafunk_temple_overflow_wave
D:10:     layout_loops_cross, mainiacjoe_overflow_cross_hatched,
          mainiacjoe_overflow_paths, grunt_ministairs_2
D:11:     nzn_winding_woodlands_three_and_one
          [nzn_winding_woodlands_5x15_garden,
          nzn_winding_woodlands_5x15_split_checker,
          nzn_winding_woodlands_5x15_parted,
          nzn_winding_woodlands_center_pierced_h], layout_basic,
          due_lair_maze_entry_diamond, minmay_pinched_square
D:12:     layout_gridville, orc_0_dummy, minmay_fire_ice_demons
D:13:     layout_small_grid, st_stairs_12
D:14:     erik_rubicon_a, layout_basic, hangedman_vaults_entry_quadrant_bands
D:15:     gammafunk_enter_depths_forms, layout_stronghold, fountainhead,
          nicolae_trove_entry_crossroad, minmay_misc_feat_x,
          chequers_hall_statues_corner_a
Lair:1:   layout_long_grid, basic_altar, serial_bayou_shore_a
Lair:2:   layout_roguey, small_statue_intersection,
          grunt_forest_small_clearing_treed
Lair:3:   layout_small_grid, nicolae_spider_entry_orb_guardian,
          patterned_corridor, minmay_lair_oklob_chamber
Lair:4:   layout_misc_corridors, swamp_mist
Lair:5:   layout_regular_city, slime_altar_1
Lair:6:   cheibrodos_lair_end_hotspot, layout_regular_city, lemuel_fruit_tree,
          uniq_nessos
Swamp:1:  layout_basic_swamp, nicolae_swamp_little_swirl, uniq_donald,
          uniq_nikola
Spider:1: layout_spider_delve
Spider:2: layout_spider_delve, worms_lemuel, uniq_arachne
Spider:3: layout_spider_delve, hive_lemuel, hangedman_spider_tarantella_strand
Spider:4: guppyfry_spider_rune, nicolae_spider_cling_ruins
Orc:1:    layout_diamond_mine, ebering_ghost_reflecting_pool
Orc:2:    grunt_orc_gardens, layout_caves, grunt_orc_garden, grunt_orc_garden,
          grunt_orc_garden, grunt_orc_garden, basic_altar, serial_shops,
          nicolae_shop_waterfront, uniq_snorg, uniq_erolcha

Skill      XL: |  1  2  3  4  5  6  7  8  9 10 11 12 13 14 15 16 |
---------------+-------------------------------------------------+-----
Axes           | 4 5 6 7 8 10 11 13 15 16 17 18 | 18.7
Fighting       | 4 5 6 7 8 10 12 14 16 17 19 20 | 20.6
Shields        | 8 11 14 15 | 15.0
Armour         | 3 6 9 11 12 | 12.6
Dodging        | 6 9 10 11 | 11.8
Evocations     | 1 4 6 |  6.8

Action                   |  1- 3 |  4- 6 |  7- 9 | 10-12 | 13-15 | 16-18 || total
-------------------------+-------+-------+-------+-------+-------+-------++-------
Melee: Hand axe          |   105 |   180 |   106 |       |    78 |    13 ||   482
       Headbutt          |    17 |    29 |    32 |   112 |   314 |   183 ||   687
       War axe           |       |       |    80 |   450 |  1044 |   595 ||  2169
Throw: Dart              |       |       |     2 |       |     3 |    48 ||    53
Invok: Berserk           |       |     3 |     4 |     5 |     8 |     3 ||    23
       Trog's Hand       |       |     3 |     3 |     8 |     9 |     3 ||    26
       Brothers in Arms  |       |       |       |     1 |     8 |     3 ||    12
Evoke: Wand              |       |       |       |       |     2 |     2 ||     4
  Use: Scroll            |       |     6 |     1 |     9 |    11 |     1 ||    28
       Potion            |       |     1 |       |       |     2 |       ||     3
 Stab: Sleeping          |       |     1 |       |       |       |       ||     1
Armor: Animal skin       |    23 |     2 |       |       |       |       ||    25
       Ring mail         |       |    56 |       |       |       |       ||    56
       Chain mail        |       |    31 |   100 |       |       |       ||   131
       Plate armour      |       |       |    13 |   222 |   413 |   445 ||  1093
Dodge: Dodged            |    74 |   128 |    86 |    92 |   243 |   323 ||   946
Block: Kite shield       |       |       |       |   202 |   790 |   675 ||  1667

Table legend: (Time is in decaauts)
 A = Elapsed time spent in this place.
 B = Non-inter-level travel time spent in this place.
 C = Inter-level travel time spent in this place.
 D = Time resting spent in this place.
 E = Time spent auto-exploring this place.
 F = Levels seen in this place.
 G = Mean time per level.
                   A        B        C        D        E       F      G
               +--------+--------+--------+--------+--------+-----+--------+
         Total |  29661 |  27849 |   1812 |   3414 |  16200 |  28 | 1059.3 |
       Dungeon |  17578 |  16588 |    990 |   2718 |   9688 |  15 | 1171.9 |
          Lair |   6010 |   5442 |    568 |    185 |   3841 |   6 | 1001.7 |
         Swamp |    179 |    179 |      0 |     25 |     30 |   1 |  179.0 |
   Spider Nest |   4476 |   4298 |    178 |    393 |   1989 |   4 | 1119.0 |
  Orcish Mines |   1416 |   1341 |     75 |     92 |    650 |   2 |  708.0 |
               +--------+--------+--------+--------+--------+-----+--------+

Top non-repeatable levels by time:
    D:11: 2365 daAuts
     D:1: 1504 daAuts
     D:9: 1425 daAuts
Spider:1: 1317 daAuts
     D:4: 1300 daAuts
     D:2: 1269 daAuts
Spider:3: 1252 daAuts
  Lair:6: 1195 daAuts
  Lair:1: 1192 daAuts
     D:3: 1179 daAuts
    D:14: 1133 daAuts
Spider:4: 1103 daAuts
  Lair:3: 1098 daAuts
    D:12: 1092 daAuts
     D:8: 1008 daAuts
